 Dungeon Crawl Stone Soup version 0.30-a0-1161-g0704695555 (console) character file.

Game seed: 5339665328424409455

5349 jejorda2 the Impaler (level 10, 0/114 HPs)
             Began as a Merfolk Berserker on Apr 27, 2023.
             Was a Priest of Trog.
             Slain by an acid dragon (4 damage)
             ... on level 8 of the Dungeon.
             The game lasted 00:22:33 (8293 turns).

jejorda2 the Impaler (Merfolk Berserker)            Turns: 8293, Time: 00:22:34

Health: 0/114      AC: 10    Str: 21    XL:     10   Next: 65%
Magic:  10/10      EV:  7    Int:  7    God:    Trog [***...]
Gold:   97         SH:  0    Dex: 14    Spells: 9/9 levels left

rFire   + . .        a - +1 scythe (protect)
rCold   . . .        (shield currently unavailable)
rNeg    . . .        u - +0 plate armour
rPois   +            d - +2 hat
rElec   .            t - +2 cloak
rCorr   .            (no gloves)
SInv    .            o - +0 pair of boots
Will    ++...        (no amulet) Stlth
                     M - ring of poison resistance
HPRegen 1.39/turn    N - ring of protection from fire
MPRegen 0.12/turn

%: no passive effects
@: berserking, strong-willed, corroded, under a protective aura, regenerating,
very quick
A: (nimble swimmer 2), mertail
a: Renounce Religion, Berserk, Trog's Hand


You were on level 8 of the Dungeon.
You worshipped Trog.
Trog was most pleased with you.
You visited 1 branch of the dungeon, and saw 8 of its levels.

You collected 317 gold pieces.
You spent 220 gold pieces at shops.

Inventory:

Hand Weapons
 a - a +1 scythe of protection (weapon)
 b - a +2 trident of protection
Missiles
 f - 61 stones (quivered)
 h - 8 poisoned darts
 p - 6 javelins
 H - 6 boomerangs
 J - 2 throwing nets
Armour
 d - a +2 hat (worn)
 o - a +0 pair of boots (worn)
 s - a +0 helmet
 t - a +2 cloak (worn)
 u - a +0 plate armour (worn)
 A - +0 ice dragon scales
Jewellery
 M - a ring of poison resistance (left hand)
 N - a ring of protection from fire (right hand)
Wands
 j - a wand of iceblast (8)
 q - a wand of mindburst (13)
 v - a wand of flame (23)
Scrolls
 c - 4 scrolls of teleportation
 i - a scroll of butterflies
 w - 2 scrolls of blinking
 y - a scroll of poison {unknown}
 B - 2 scrolls of fog
 C - 4 scrolls of fear
 E - a scroll of torment
 I - a scroll of identify
Potions
 e - 6 potions of heal wounds
 g - a potion of invisibility
 k - 4 potions of mutation
 l - 5 potions of curing
 m - 2 potions of haste {unknown}
 n - 4 potions of lignification
 r - a potion of resistance {unknown}
 x - 3 potions of might
 z - a potion of brilliance {unknown}
 F - 3 potions of cancellation
 G - a potion of flight {unknown}
 K - a potion of berserk rage {unknown}
 L - a potion of ambrosia {unknown}


   Skills:
 - Level 6.0 Fighting
 * Level 16.1 Polearms
 - Level 6.0 Armour
 - Level 2.6 Dodging
 + Level 2.8 Evocations


You had 9 spell levels left.
You didn't know any spells.
Your spell library was empty.

Dungeon Overview and Level Annotations

Branches:
Dungeon (8/15)             Temple (0/1) D:5
   Lair: D:8-11

Altars:
Ashenzari
Gozag
Nemelex Xobeh
Okawaru
Qazlal
Ru
Sif Muna
Trog
Wu Jian
Xom
Zin
The Shining One

Shops:
D:5 :(:[=   D:7 =   D:8 [:


Innate Abilities, Weirdness & Mutations

((You are very nimble when in or above water. (Stealth+, EV+, Speed+++)))
Your lower body shifts to a powerful aquatic tail in water.


Message History

The acid dragon claws you but does no damage.
The centaur hits you but does no damage.
The centaur barely misses you.
You hit the centaur.
The centaur is moderately wounded.
You slash the centaur!
The centaur is severely wounded.
The centaur hits you but does no damage.
The centaur kicks you but does no damage.
The acid dragon spits acid at you. The splash of acid hits you!
* * * LOW HITPOINT WARNING * * *
The acid corrodes you!
You hit the centaur but do no damage.
The centaur is severely wounded.
The centaur hits you but does no damage.
The centaur closely misses you.
You barely miss the centaur.
The centaur is severely wounded.
The centaur barely misses you.
The centaur kicks you but does no damage.
The acid dragon bites you.
* * * LOW HITPOINT WARNING * * *
The acid dragon claws you but does no damage.
You puncture the centaur!
You kill the centaur!
Trog accepts your kill.
You hit the acid dragon but do no damage.
The acid dragon is lightly wounded.
The acid dragon bites you.
* * * LOW HITPOINT WARNING * * *
The acid dragon claws you.
* * * LOW HITPOINT WARNING * * *
You hit the acid dragon.
The acid dragon is moderately wounded.
You slash the acid dragon!
The acid dragon is heavily wounded.
A centaur comes into view.
The acid dragon bites you.
You die...

#
######.####
#.#
...........
.>#
.[..######
#.# ###..#
#.# ##.##
#.# #..#
#∩#
##.#####
#)#
#.....##
#@#
#####..#
#D# ##.##
#Y#
#..####Y#
##
##...##.#


.YY ###.##.# ###..Y. #....####.....D. ####.c..#.....# #.##.))Y...# You could see
2 yaks, an acid dragon (catching breath) and a centaur (wandering).

Vanquished Creatures
  Grinder (D:5)
  Sigmund (D:2)
  6 yaks (D:8)
  Eustachio (D:5)
  Menkaure (D:4)
  A steam dragon (D:6)
  Edmund (D:5)
  3 water moccasins
  Duvessa (D:5)
  3 orc warriors
  2 black bears
  An ice beast (D:8)
  An ogre (D:6)
  A centaur (D:8)
  2 phantoms (D:5)
  2 scorpions (D:5)
  8 bullfrogs
  3 gnoll sergeants
  3 wights (D:7)
  Dowan (D:5)
  3 howler monkeys (D:7)
  7 crimson imps (D:7)
  3 hounds
  2 orc priests
  2 jellies
  3 sleepcaps
  3 iguanas
  Ijyb (D:5)
  4 orc wizards
  Robin (D:3)
  19 gnolls
  6 adders
  2 white imps (D:7)
  An ufetubus (D:5)
  3 worms
  4 dart slugs (D:3)
  25 orcs
  8 bats
  8 endoplasms
  5 giant cockroaches
  10 goblins
  14 hobgoblins
  14 jackals
  7 quokkas
  4 ball pythons
  7 frilled lizards
  10 kobolds
  9 rats
  A spectral hobgoblin (D:1)
229 creatures vanquished.

Notes
Turn   | Place    | Note
-------+----------+-------------------------------------------
     0 | D:1      | jejorda2 the Merfolk Berserker began the quest for the Orb.
     0 | D:1      | Reached XP level 1. HP: 18/18 MP: 1/1
   216 | D:1      | Reached XP level 2. HP: 24/24 MP: 2/2
   386 | D:1      | Reached skill level 5 in Polearms
   459 | D:1      | Reached XP level 3. HP: 30/30 MP: 3/3
   518 | D:1      | Found a faded altar of an unknown god.
  1220 | D:2      | Reached ** piety under Trog
  1329 | D:2      | Reached XP level 4. HP: 32/37 MP: 4/4
  1889 | D:3      | Noticed Sigmund
  1889 | D:3      | Noticed Robin
  1942 | D:2      | Killed Sigmund
  1943 | D:2      | Reached skill level 7 in Polearms
  1943 | D:2      | Reached XP level 5. HP: 43/43 MP: 5/5
  1943 | D:2      | Reached XP level 6. HP: 50/50 MP: 6/6
  2043 | D:3      | Killed Robin
  2044 | D:3      | Reached skill level 5 in Fighting
  2749 | D:3      | Found a glowing golden altar of the Shining One.
  2817 | D:3      | Found a shimmering altar of Xom.
  2851 | D:3      | Found a broken altar of Ashenzari.
  2957 | D:3      | Reached skill level 8 in Polearms
  2958 | D:3      | Found a sparkling altar of Nemelex Xobeh.
  3136 | D:4      | Found a sacrificial altar of Ru.
  3201 | D:4      | Identified the staff of conjuration "Xaedyiph" {+Blink
                  | Dex+5}
  3209 | D:4      | Noticed Menkaure
  3219 | D:4      | Killed Menkaure
  3220 | D:4      | Reached XP level 7. HP: 24/56 MP: 7/7
  3456 | D:4      | Reached *** piety under Trog
  3524 | D:4      | Found an iron altar of Okawaru.
  3912 | D:5      | Entered Level 5 of the Dungeon
  3950 | D:5      | Noticed Duvessa
  3950 | D:5      | Noticed Dowan
  3977 | D:5      | Killed Duvessa
  3978 | D:5      | Reached skill level 9 in Polearms
  3992 | D:5      | Killed Dowan
  4041 | D:5      | Found Vuidus's Book Shop.
  4085 | D:5      | Reached XP level 8. HP: 64/64 MP: 8/8
  4092 | D:5      | Noticed Ijyb
  4101 | D:5      | Killed Ijyb
  4179 | D:5      | Found Loneulargh's Book Shop.
  4194 | D:5      | Found Kerif's Jewellery Shop.
  4213 | D:5      | Reached skill level 10 in Polearms
  4298 | D:5      | Noticed Grinder
  4320 | D:5      | Killed Grinder
  4378 | D:5      | Noticed Edmund
  4389 | D:5      | Killed Edmund
  4390 | D:5      | Reached skill level 11 in Polearms
  4515 | D:5      | Found Wohisk Edie's Armour Boutique.
  4531 | D:5      | Found a staircase to the Ecumenical Temple.
  4688 | D:5      | Found a stormy altar of Qazlal.
  4743 | D:5      | Found Banamod's Antique Weapon Emporium.
  5336 | D:5      | Noticed Eustachio
  5356 | D:5      | Killed Eustachio
  5357 | D:5      | Reached skill level 12 in Polearms
  5357 | D:5      | Reached XP level 9. HP: 69/69 MP: 9/9
  5726 | D:5      | Bought a ring of poison resistance for 220 gold pieces
  5895 | D:6      | Found an opulent altar of Gozag.
  6074 | D:6      | Reached skill level 13 in Polearms
  6865 | D:7      | Reached skill level 5 in Armour
  6875 | D:7      | Reached skill level 14 in Polearms
  7112 | D:7      | Reached **** piety under Trog
  7239 | D:7      | Found a shimmering blue altar of Sif Muna.
  7277 | D:7      | Reached XP level 10. HP: 76/76 MP: 10/10
  7486 | D:7      | Reached skill level 15 in Polearms
  7546 | D:7      | Found a glowing silver altar of Zin.
  7783 | D:7      | Found Zauhyap's Jewellery Shoppe.
  7846 | D:7      | Found an ornate altar of the Wu Jian Council.
  7871 | D:7      | Found a bloodstained altar of Trog.
  7967 | D:8      | Found Fer Haaj's Armour Shoppe.
  8006 | D:8      | Reached skill level 1 in Evocations
  8186 | D:8      | Reached skill level 16 in Polearms
  8263 | D:8      | Found Vedd's Book Boutique.
  8291 | D:8      | HP: 3/114 [acid dragon (3)]
  8293 | D:8      | Slain by an acid dragon

Illustrated notes

Levels and vault maps discovered:
D:1:      minmay_arrival_shoal_huts, layout_basic,
          dreamdust_ecumenical_altar_drowned_temple
D:2:      minmay_door_path, layout_rooms, hex_tiny, nrook_mini_vaults
D:3:      minmay_bubble_buster, layout_basic, tso_altar,
          nemelex_xobeh_ov_fountains_minmay, mainiacjoe_overflow_two_lobes,
          nicolae_concentric_dashed_squares_wild, uniq_sigmund, uniq_robin
D:4:      layout_rooms, okawaru_ov_weapons_minmay,
          nicolae_ru_great_annihilating_truth, chequers_serial_rivers_micro_d,
          nicolae_figureground_sparkle, uniq_menkaure
D:5:      layout_layer_cave, kennysheep_little_box,
          minmay_temple_entry_large_hall, serial_shops, nicolae_shop_crystal,
          shop, nicolae_shop_tiny_waterfront, nicolae_book_shop_shelving,
          nicolae_shop_tiny_statue_garden, uniq_duvessa, uniq_ijyb, uniq_edmund,
          uniq_eustachio, uniq_grinder
D:6:      layout_basic, nicolae_gozag_seed_capital
D:7:      layout_basic, kennysheep_orc_sif_temple, zin_statuary, minitemple,
          serial_shops, shop, minmay_nine_imps
D:8:      layout_basic, serial_shops, nicolae_diamond_shop, shop,
          hangedman_decor_points

Skill      XL: |  1  2  3  4  5  6  7  8  9 10 |
---------------+-------------------------------+-----
Polearms       | 5 7 8 9 12 14 16 | 16.1
Fighting       | 4 5 6 |  6.0
Armour         | 2 4 5 6 |  6.0
Evocations     | 2 |  2.8
Dodging        | |  2.6

Action                     |  1- 3 |  4- 6 |  7- 9 | 10-12 || total
---------------------------+-------+-------+-------+-------++-------
  Melee: Spear             |   135 |       |       |       ||   135
         Trident           |     3 |    19 |       |       ||    22
         Tailslap          |     1 |       |     1 |       ||     2
         Punch             |     1 |       |       |       ||     1
         Lajatang          |       |    22 |       |       ||    22
         Halberd           |       |   139 |   403 |   149 ||   691
  Throw: Stone             |       |       |     7 |       ||     7
         Javelin           |       |       |     1 |       ||     1
 Invoke: Berserk           |     2 |     3 |     5 |     4 ||    14
         Trog's Hand       |       |     3 |     3 |     1 ||     7
         Brothers in Arms  |       |       |       |     1 ||     1
    Use: Scroll            |       |       |    19 |     2 ||    21
   Stab: Sleeping          |     6 |     1 |       |       ||     7
         Paralysed         |       |     1 |       |       ||     1
 Armour: Animal skin       |    28 |     3 |       |       ||    31
         Scale mail        |       |    94 |    17 |       ||   111
         Chain mail        |       |       |    93 |       ||    93
         Plate armour      |       |       |    69 |    95 ||   164
  Dodge: Dodged            |    61 |   112 |    99 |    40 ||   312

Table legend: (Time is in decaauts)
 A = Elapsed time spent in this place.
 B = Non-inter-level travel time spent in this place.
 C = Inter-level travel time spent in this place.
 D = Time resting spent in this place.
 E = Time spent auto-exploring this place.
 F = Levels seen in this place.
 G = Mean time per level.
                   A        B        C        D        E       F      G
               +--------+--------+--------+--------+--------+-----+--------+
         Total |   8283 |   7914 |    369 |    816 |   5591 |   8 | 1035.4 |
       Dungeon |   8283 |   7914 |    369 |    816 |   5591 |   8 | 1035.4 |
               +--------+--------+--------+--------+--------+-----+--------+

Top non-repeatable levels by time:
     D:5: 1867 daAuts
     D:6: 1107 daAuts
     D:7: 1052 daAuts
     D:3: 1037 daAuts
     D:1: 1000 daAuts
     D:2: 977 daAuts
     D:4: 898 daAuts
     D:8: 342 daAuts
